 Dungeon Crawl Stone Soup version 0.31-a0-142-g31f6795574 (webtiles) character file.

Game seed: 11022285306603107970

70 Esekla the Sneak (level 4, -2/31 HPs)
             Began as an Octopode Delver on June 4, 2023.
             Slain by a black bear (4 damage)
             ... on level 5 of the Dungeon.
             The game lasted 00:04:43 (561 turns).

Esekla the Sneak (Octopode Delver)                   Turns: 561, Time: 00:04:44

Health: -2/31      AC:  1    Str: 11    XL:     4   Next: 22%
Magic:  5/5        EV: 13    Int: 14    God:
Gold:   9          SH:  0    Dex: 13    Spells: 5/5 levels left

rFire   . . .        a - +0 falchion
rCold   . . .        (no shield)
rNeg    . . .        (helmet restricted)
rPois   .            (no amulet)
rElec   .            (no ring)
rCorr   .            (no ring)
SInv    .            (no ring)
Will    .....        (no ring)
Stlth   +++++        (no ring)
HPRegen 0.25/turn    (no ring)
MPRegen 0.09/turn    (no ring)
                     (no ring)

%: no passive effects
@: no status effects
A: almost no armour, amphibious, 8 rings, camouflage 1, gelatinous body 1,
(nimble swimmer 1), tentacles
a: no special abilities


You were on level 5 of the Dungeon.
You visited 2 branches of the dungeon, and saw 2 of its levels.

You collected 9 gold pieces.

Inventory:

Hand Weapons
 a - a +0 falchion (weapon)
Wands
 f - a wand of digging (3)
Scrolls
 b - a scroll of fog
Potions
 c - a potion of curing {unknown}
 d - a potion of mutation {unknown}


   Skills:
 * Level 3.4 Fighting
 * Level 2.3 Long Blades
 * Level 2.4 Dodging
 + Level 7.5 Stealth
 * Level 1.0 Spellcasting


You had 5 spell levels left.
You didn't know any spells.
Your spell library was empty.

Dungeon Overview and Level Annotations

Branches:
Dungeon (5/15)             Temple (1/1) D:5

Altars:
Elyvilon
Gozag
Kikubaaqudgha
Makhleb
Okawaru
Ru
Sif Muna
Trog
Uskayaw
Vehumet
Wu Jian
Xom


Innate Abilities, Weirdness & Mutations

You cannot wear most types of armour.
You are amphibious.
You can wear up to eight rings at the same time.
Your skin changes colour to match your surroundings (Stealth+).
Your rubbery body absorbs attacks. (AC +1, EV +1)
((You are camouflaged when in or above water. (Stealth+)))
You have tentacles for arms and can constrict up to eight enemies at once.


Message History

You kill the ufetubus!
The black bear growls angrily.
As you read the scroll of fear, it crumbles to dust.
You assume a fearsome visage.
The black bear looks frightened!
Found a glowing pink potion.
A scorpion comes into view.
Found 17 gold pieces.
d - a glowing pink potion
Okay, then.
You closely miss the black bear. Your grab misses the black bear.
The black bear completely misses you. The black bear claws you. x2
You hit the black bear. Your grab misses the black bear.
You squeeze the black bear.
The black bear is moderately wounded.
The black bear barely misses you.
The black bear claws you but does no damage.
The black bear barely misses you.
You hit the black bear but do no damage.
You grab the black bear.
The black bear is moderately wounded.
You constrict the black bear. The black bear bites you.
The black bear claws you. x2
You hit the black bear.
The black bear is heavily wounded.
You constrict the black bear, but do no damage.
The black bear misses you. The black bear barely misses you.
The black bear claws you. The black bear bites you!
* * * LOW HITPOINT WARNING * * *
The black bear claws you.
* * * LOW HITPOINT WARNING * * *
The black bear closely misses you.
You hit the black bear.
The black bear is heavily wounded.
You constrict the black bear. The black bear misses you.
The black bear closely misses you. The black bear barely misses you.
You hit the black bear but do no damage.
You squeeze the black bear, but do no damage.
The black bear is heavily wounded.
You constrict the black bear. The black bear bites you.
You die...

.#**,,,,,<,,,,,,,,,*
##.######
.#***#.#,***********
#..# * ..,,,$..,*
##.## *****#s#**
#..## #.# ##..# #.#
##.### #.# #....
#.#############
##...
###.........h@..#
#..#
#...###########.#
#... #....## *,#
#..# ####h....# *,*
#.^# ........## *,*
#..# ######.## *.#
#... #.# *****####.#
#... #.# *,,,,o.##.#
##.#
##'##*,####.##.#
###.#


You could see a black bear.

Vanquished Creatures
  2 hounds (D:5)
  2 ufetubi (D:5)
4 creatures vanquished.

Notes
Turn   | Place    | Note
-------+----------+-------------------------------------------
     0 | D:5      | Esekla the Octopode Delver began the quest for the Orb.
     0 | D:5      | Reached XP level 1. HP: 16/16 MP: 1/1
    16 | D:5      | Noticed a hound
    21 | D:5      | Noticed a phantom
    37 | D:5      | Noticed an iguana
   134 | D:5      | Noticed a hound
   151 | D:5      | Killed a hound
   152 | D:5      | Reached skill level 7 in Stealth
   152 | D:5      | Reached XP level 2. HP: 17/21 MP: 2/2
   152 | D:5      | Reached XP level 3. HP: 21/26 MP: 3/3
   159 | D:5      | Reached skill level 1 in Spellcasting
   159 | D:5      | Reached XP level 4. HP: 10/31 MP: 3/5
   176 | D:5      | Found a staircase to the Ecumenical Temple.
   188 | Temple   | Entered the Ecumenical Temple
   486 | D:5      | Noticed a black bear
   541 | D:5      | Noticed a scorpion
   561 | D:5      | Slain by a black bear

Illustrated notes

Levels and vault maps discovered:
D:5:      layout_loops_corners, minmay_temple_entry_junction_2, st_stairs_9,
          chequers_serial_rivers_micro_c, kennysheep_generic_room_13
Temple:   chequers_temple_sunken

Skill      XL: |  1  2  3 |
---------------+----------+-----
Stealth        | 7 |  7.5
Spellcasting   | 1 |  1.0
Fighting       | |  3.4
Long Blades    | |  2.3
Dodging        | |  2.4

Action                     |  1- 3 |  4- 6 || total
---------------------------+-------+-------++-------
  Melee: Falchion          |    11 |    11 ||    22
         Constrict         |     2 |     2 ||     4
         Tentacles         |     1 |     3 ||     4
    Use: Scroll            |     1 |     1 ||     2
         Potion            |     1 |       ||     1
 Armour: Skin              |       |     2 ||     2
  Dodge: Dodged            |     7 |    18 ||    25

Table legend: (Time is in decaauts)
 A = Elapsed time spent in this place.
 B = Non-inter-level travel time spent in this place.
 C = Inter-level travel time spent in this place.
 D = Time resting spent in this place.
 E = Time spent auto-exploring this place.
 F = Levels seen in this place.
 G = Mean time per level.
                   A        B        C        D        E       F      G
               +--------+--------+--------+--------+--------+-----+--------+
         Total |    548 |    522 |     26 |     35 |     70 |   2 |  274.0 |
       Dungeon |    432 |    432 |      0 |     35 |      0 |   1 |  432.0 |
        Temple |    115 |     89 |     26 |      0 |     70 |   1 |  115.0 |
               +--------+--------+--------+--------+--------+-----+--------+

Top non-repeatable levels by time:
     D:5: 432 daAuts
  Temple: 115 daAuts
